 Dungeon Crawl Stone Soup version 0.31.0-11-ge490571c62 (webtiles) character file.

Game seed: 14572225939355194068

135 stipulation the Grave Robber (level 5, -3/24 HPs)
             Began as a Vine Stalker Necromancer on Jan 28, 2024.
             Slain by an orc priest
             ... wielding a +0 mace
              (7 damage)
             ... on level 3 of the Dungeon.
             The game lasted 00:03:20 (2541 turns).

stipulation the Grave Robber (VSNe)                 Turns: 2541, Time: 00:03:20

Health: -3/24      AC:  2    Str: 10    XL:     5   Next: 18%
Magic:  0/12       EV: 12    Int: 17    God:
Gold:   81         SH:  0    Dex: 15    Spells: 11/12 levels left

rFire   . . .        (no weapon)
rCold   . . .        (no shield)
rNeg    . . .        a - +0 robe
rPois   .            (no helmet)
rElec   .            (no cloak)
rCorr   .            (no gloves)
SInv    .            (no boots)
Will    .....        (no amulet)
Stlth   ++           (no ring)
HPRegen 1.04/turn    (no ring)
MPRegen 0.13/turn

%: guardian spirit
@: no status effects
A: fangs 2, regeneration 1, magic shield, antimagic bite, no potion heal 2
a: no special abilities


You were on level 3 of the Dungeon.
You visited 1 branch of the dungeon, and saw 3 of its levels.

You collected 81 gold pieces.

Inventory:

Armour
 a - a +0 robe (worn)
Jewellery
 f - an amulet of magic regeneration
Scrolls
 c - a scroll of revelation {unknown}
 d - a scroll of teleportation {unknown}
 e - a scroll of enchant weapon {unknown}
 g - a scroll of fog {unknown}
 h - a scroll of fear {unknown}
 i - a scroll of butterflies {unknown}
 k - a scroll of identify {unknown}
 l - a scroll of acquirement {unknown}
Potions
 b - a potion of magic
 j - a potion of degeneration {unknown}


   Skills:
 - Level 1.5 Dodging
 - Level 2.4 Stealth
 + Level 4.0 Spellcasting
 + Level 5.2 Necromancy


You had 11 spell levels left.
You knew the following spells:

 Your Spells              Type           Power      Damage    Failure   Level
a - Necrotise             Necr           84%        1d8       1%          1

Your spell library contained the following spells:

 Spells                   Type           Power      Damage    Failure   Level
 Vampiric Draining        Necr           21%        2d7       5%          3
 Cigotuvi's Dreadful Rot  Necr/Alch/Air  18%        N/A       12%         2
 Animate Dead             Necr           21%        N/A       19%         4
 Jinxbite                 Hex            6%         N/A       24%         2
 Curse of Agony           Necr           21%        N/A       45%         5
 Ignite Poison            Fire/Alch      3%         N/A       83%         4
 Freezing Cloud           Conj/Ice/Air   1%         6-21      99%         5
 Yara's Violent Unravell  Hex/Alch       1%         3d3       99%         5
 Enfeeble                 Hex            1%         N/A       100%        7


Dungeon Overview and Level Annotations

Branches:
Dungeon (3/15)

Altars:


Innate Abilities, Weirdness & Mutations

You have extremely sharp teeth.
Your natural rate of healing is unusually fast.
When hurt, damage is shared between your health and your magic reserves.
Your bite disrupts and absorbs the magic of your enemies.
Potions cannot restore your health.


Message History

Aiming: Necrotise (safe; 1% risk of failure)
Press: ? - help, Shift-Dir - straight line, f - orc
Aim: an orc, wielding a +0 whip and wearing a +0 leather armour (chance to affect: 90%)
The orc writhes in agony!
The orc hits you with a +0 whip.
You hit the orc. Your bite misses the orc.
The orc is almost dead.
The orc hits you with a +0 whip.
The orc priest hits you with a +0 short sword.
The orc priest hits you with a +0 mace.
Casting: Necrotise (safe; 1% risk of failure)
Confirm with . or Enter, or press ? or * to list all spells.
Aiming: Necrotise (safe; 1% risk of failure)
Press: ? - help, Shift-Dir - straight line, f/p - orc
Aim: an orc, wielding a +0 whip and wearing a +0 leather armour (almost dead, chance to affect: 90%)
The orc writhes in agony.
You kill the orc!
The dead are walking!
The orc priest mumbles some strange prayers to Beogh against you.
Pain shoots through your body! The orc priest misses you.
Okay, then.
Your orc skeleton hits the orc priest but does no damage.
The orc priest hits you with a +0 short sword.
The orc priest misses you.
Things that are here:
a +0 whip; a +0 leather armour You swap places.
Your orc skeleton hits the orc priest.
Your orc skeleton closely misses the orc priest.
The orc priest hits your orc skeleton with a +0 short sword.
The orc priest barely misses you.
Your orc skeleton barely misses the orc priest. x2
The orc priest hits you with a +0 mace!
* * * LOW HITPOINT WARNING * * *
The orc priest hits your orc skeleton with a +0 short sword.
Your orc skeleton is destroyed!
You swap places.
The orc priest hits you with a +0 mace.
* * * LOW HITPOINT WARNING * * *
Your orc skeleton hits the orc priest.
The orc priest attacks as it pursues you!
The orc priest hits you with a +0 mace!
You die...

....).ZZZZ...ooo).......#
..###################...#
### ##.......#
##..#.....# #..#.......#
##.#......>>.#
##).#.........#
#o.##.........# #
##Zo@.........#
####.).......#
##.......## #........%#
#...<.....## #...........
#).......... #
#.##...........
.......goo......


You could see 2 orc priests and a friendly orc skeleton.

Vanquished Creatures
  An orc wizard (D:2)
  2 adders
  2 dart slugs (D:1)
  A ribbon worm (D:2)
  10 orcs
  9 ball pythons
  7 bats
  2 endoplasms
  4 giant cockroaches (D:2)
  5 goblins
  A hobgoblin (D:1)
  8 kobolds
  5 quokkas
  2 frilled lizards
  6 rats
65 creatures vanquished.

Vanquished Creatures (collateral kills)
  3 endoplasms
  2 goblins
  A hobgoblin (D:2)
6 creatures vanquished.

Grand Total: 71 creatures vanquished

Notes
Turn   | Place    | Note
-------+----------+-------------------------------------------
     0 | D:1      | stipulation the Vine Stalker Necromancer began the quest
                  | for the Orb.
     0 | D:1      | Reached XP level 1. HP: 9/9 MP: 4/4
   193 | D:1      | Reached XP level 2. HP: 13/13 MP: 0/6
   313 | D:1      | Found a faded altar of an unknown god.
   598 | D:1      | Reached XP level 3. HP: 16/16 MP: 6/8
  1403 | D:2      | Reached XP level 4. HP: 21/21 MP: 7/10
  2243 | D:2      | Reached skill level 5 in Necromancy
  2348 | D:3      | Reached XP level 5. HP: 12/24 MP: 3/11
  2541 | D:3      | Slain by an orc priest

Illustrated notes

Levels and vault maps discovered:
D:1:      amcnicky_arrival_choice, layout_rooms,
          hellmonk_ecumenical_altar_crossroads, minmay_misc_feat_pillars
D:2:      minmay_angry_zag, layout_loops_corners
D:3:      layout_rooms, nicolae_uskayaw_en_pointe,
          minmay_fractal_squares_gapless_5

Skill      XL: |  1  2  3  4  5 |
---------------+----------------+-----
Spellcasting   | 3 4 |  4.0
Necromancy     | 5 |  5.2
Dodging        | |  1.5
Stealth        | |  2.4

Action                     |  1- 3 |  4- 6 || total
---------------------------+-------+-------++-------
  Melee: Unarmed           |    26 |    10 ||    36
         Bite              |     2 |     6 ||     8
   Cast: Necrotise         |    63 |    55 ||   118
 Armour: Robe              |    20 |    29 ||    49
  Dodge: Dodged            |    24 |    14 ||    38
